TOP OF THE 1ST |
Phoenix Hotspur Reserves batting - Pitching for Athletic Club KC Reserves : RHP Stanley Yelnats
|
Pitching: RHP Stanley Yelnats
|
|
Batting: LHB Derek Blair
|
0-0: Called Strike 0-1: Ground out 1-3 (Groundball, 13S)
|
Batting: SHB Jesús González
|
0-0: Ball 1-0: Called Strike 1-1: Swinging Strike 1-2: Ground out 3-1 (Groundball, 34)
|
Batting: LHB Roberto Fierro
|
0-0: Swinging Strike 0-1: Ball 1-1: Ball 2-1: Ball 3-1: Called Strike 3-2: Base on Balls
|
Batting: LHB Harumi Takaki
|
0-0: Called Strike 0-1: Ball 1-1: Fly out, F5 (Line Drive, 5S)
|
Top of the 1st over - 0 run(s), 0 hit(s), 0 error(s), 1 left on base; Phoenix 0 - Athletic Club KC 0 |
BOTTOM OF THE 1ST |
Athletic Club KC Reserves batting - Pitching for Phoenix Hotspur Reserves : LHP Edgar Capello
|
Pitching: LHP Edgar Capello
|
|
Batting: RHB Filip Huigen
|
0-0: Called Strike 0-1: SINGLE (Line Drive, 4MD)
|
Batting: RHB Chris Teague
|
0-0: Ball 1-0: Called Strike 1-1: Ball 2-1: Called Strike 2-2: SINGLE (Groundball, 56D) Filip Huigen to second
|
Batting: RHB Richard Younger
|
0-0: SINGLE (Line Drive, 5) Filip Huigen to third Chris Teague to second
|
Batting: LHB Chris Hill
|
0-0: SINGLE (Groundball, 34D) Filip Huigen scores Chris Teague to third Richard Younger to second
|
Batting: RHB Iván Chacón
|
0-0: Ball 1-0: Foul Ball, location: 2F 1-1: Foul Ball, location: 2F 1-2: Ball 2-2: Ball 3-2: Grounds into double play, 4-6-3 (Groundball, 4) Chris Teague scores Richard Younger to third
|
Batting: SHB Sang-your Yu
|
0-0: Called Strike 0-1: Foul Ball, location: 2F 0-2: Ball 1-2: Ball 2-2: Ball 3-2: Base on Balls
|
Batting: RHB Geoff Rivers
|
0-0: Ball 1-0: Ball 2-0: Called Strike 2-1: Ball 3-1: Base on Balls Sang-your Yu to second
|
Batting: RHB Pedro Solís
|
0-0: Fly out, F8 (Flyball, 8RD)
|
Bottom of the 1st over - 2 run(s), 4 hit(s), 0 error(s), 3 left on base; Phoenix 0 - Athletic Club KC 2 |
TOP OF THE 2ND |
Phoenix Hotspur Reserves batting - Pitching for Athletic Club KC Reserves : RHP Stanley Yelnats
|
Batting: RHB Júlio Mateo
|
0-0: Swinging Strike 0-1: Ball 1-1: Ball 2-1: Foul Ball, location: 2F 2-2: Foul Ball, location: 2F 2-2: Ball 3-2: SINGLE (Groundball, 6MD)
|
Batting: RHB Jesús Álvarez
|
0-0: Foul Ball, location: 2F 0-1: Fly out, F9 (Line Drive, 9LM)
|
Batting: RHB Satoshi Terada
|
0-0: Ball 1-0: Called Strike 1-1: Ball 2-1: Swinging Strike 2-2: Ball 3-2: Base on Balls Júlio Mateo to second
|
Batting: RHB Hiwahikeiki Noelani
|
0-0: Called Strike 0-1: Fly out, F3 (Flyball, 3DF)
|
Batting: RHB Bob Curry
|
0-0: Fielders Choice at 2nd, 5-4 (Groundball, 5)
|
Top of the 2nd over - 0 run(s), 1 hit(s), 0 error(s), 1 left on base; Phoenix 0 - Athletic Club KC 2 |
BOTTOM OF THE 2ND |
Athletic Club KC Reserves batting - Pitching for Phoenix Hotspur Reserves : LHP Edgar Capello
|
Batting: LHB Enrique Miranda
|
0-0: Foul Ball, location: 2F 0-1: SINGLE (Flyball, 78S)
|
Batting: RHB Filip Huigen
|
0-0: Called Strike 0-1: Swinging Strike 0-2: Ground out 4-3 (Groundball, 4S) Enrique Miranda to second
|
Batting: RHB Chris Teague
|
0-0: Ball 1-0: Foul Ball, location: 2F 1-1: Ball 2-1: Foul Ball, location: 2F 2-2: Strikes out swinging
|
Batting: RHB Richard Younger
|
0-0: Called Strike 0-1: Swinging Strike 0-2: Foul Ball, location: 2F 0-2: Ball 1-2: Ball Passed Ball! Enrique Miranda to third 2-2: Foul Ball, location: 2F 2-2: Foul Ball, location: 2F 2-2: Ball 3-2: Base on Balls
|
Batting: LHB Chris Hill
|
0-0: Ball 1-0: Ball 2-0: Called Strike 2-1: Swinging Strike 2-2: Foul Ball, location: 2F 2-2: Fly out, F8 (Flyball, 8LM)
|
Bottom of the 2nd over - 0 run(s), 1 hit(s), 0 error(s), 2 left on base; Phoenix 0 - Athletic Club KC 2 |
TOP OF THE 3RD |
Phoenix Hotspur Reserves batting - Pitching for Athletic Club KC Reserves : RHP Stanley Yelnats
|
Batting: LHB Derek Blair
|
0-0: Fly out, F2 (Popup, 25)
|
Batting: SHB Jesús González
|
0-0: Called Strike 0-1: Foul Ball, location: 2F 0-2: Ball 1-2: SINGLE (Line Drive, 6D)
|
Batting: LHB Roberto Fierro
|
0-0: Ball 1-0: Ball 2-0: Called Strike 2-1: Foul Ball, location: 2F 2-2: Ball 3-2: Fly out, F3 (Popup, 3L)
|
Batting: LHB Harumi Takaki
|
0-0: Called Strike 0-1: Called Strike 0-2: Ball 1-2: Ball 2-2: Foul Ball, location: 2F 2-2: Foul Ball, location: 2F 2-2: Foul Ball, location: 2F 2-2: Ball Wild Pitch! Jesús González to second 3-2: Ground out 4-3 (Groundball, 4MD)
|
Top of the 3rd over - 0 run(s), 1 hit(s), 0 error(s), 1 left on base; Phoenix 0 - Athletic Club KC 2 |
BOTTOM OF THE 3RD |
Athletic Club KC Reserves batting - Pitching for Phoenix Hotspur Reserves : LHP Edgar Capello
|
Batting: RHB Iván Chacón
|
0-0: Foul Ball, location: 2F 0-1: Swinging Strike 0-2: Ball 1-2: Foul Ball, location: 2F 1-2: Strikes out looking
|
Batting: SHB Sang-your Yu
|
0-0: Ball 1-0: Called Strike 1-1: Called Strike 1-2: Ball 2-2: Ball 3-2: Foul Ball, location: 2F 3-2: Foul Ball, location: 2F 3-2: Base on Balls
|
Batting: RHB Geoff Rivers
|
0-0: Fly out, F8 (Flyball, 89M)
|
Batting: RHB Pedro Solís
|
0-0: Ball 1-0: Foul Ball, location: 2F 1-1: Swinging Strike 1-2: Strikes out swinging
|
Bottom of the 3rd over - 0 run(s), 0 hit(s), 0 error(s), 1 left on base; Phoenix 0 - Athletic Club KC 2 |
TOP OF THE 4TH |
Phoenix Hotspur Reserves batting - Pitching for Athletic Club KC Reserves : RHP Stanley Yelnats
|
Batting: RHB Júlio Mateo
|
0-0: Ball 1-0: Ball 2-0: Ball 3-0: Called Strike 3-1: Base on Balls
|
Batting: RHB Jesús Álvarez
|
0-0: Called Strike 0-1: Ball 1-1: Grounds into double play, 4-6-3 (Groundball, 4)
|
Batting: RHB Satoshi Terada
|
0-0: Ground out 1-3 (Groundball, 13)
|
Top of the 4th over - 0 run(s), 0 hit(s), 0 error(s), 0 left on base; Phoenix 0 - Athletic Club KC 2 |
BOTTOM OF THE 4TH |
Athletic Club KC Reserves batting - Pitching for Phoenix Hotspur Reserves : LHP Edgar Capello
|
Batting: LHB Enrique Miranda
|
0-0: Ball 1-0: Ball 2-0: Ball 3-0: Base on Balls
|
Batting: RHB Filip Huigen
|
0-0: Ball 1-0: Called Strike 1-1: Swinging Strike 1-2: Strikes out swinging
|
Batting: RHB Chris Teague
|
0-0: Ball 1-0: Grounds into double play, 6-4-3 (Groundball, 6)
|
Bottom of the 4th over - 0 run(s), 0 hit(s), 0 error(s), 0 left on base; Phoenix 0 - Athletic Club KC 2 |
TOP OF THE 5TH |
Phoenix Hotspur Reserves batting - Pitching for Athletic Club KC Reserves : RHP Stanley Yelnats
|
Batting: RHB Hiwahikeiki Noelani
|
0-0: Called Strike 0-1: Swinging Strike 0-2: Ball 1-2: Fly out, F9 (Flyball, 9LS)
|
Batting: RHB Bob Curry
|
0-0: Ball 1-0: Ball 2-0: Foul Ball, location: 2F 2-1: Swinging Strike 2-2: Ground out 4-3 (Groundball, 34)
|
Batting: LHB Derek Blair
|
0-0: Swinging Strike 0-1: Swinging Strike 0-2: Ball 1-2: Fly out, F8 (Flyball, 89XD)
|
Top of the 5th over - 0 run(s), 0 hit(s), 0 error(s), 0 left on base; Phoenix 0 - Athletic Club KC 2 |
BOTTOM OF THE 5TH |
Athletic Club KC Reserves batting - Pitching for Phoenix Hotspur Reserves : LHP Edgar Capello
|
Batting: RHB Richard Younger
|
0-0: Ball 1-0: Fly out, F5 (Line Drive, 56)
|
Batting: LHB Chris Hill
|
0-0: Called Strike 0-1: Fly out, F3 (Line Drive, 3S)
|
Batting: RHB Iván Chacón
|
0-0: Swinging Strike 0-1: Ball 1-1: Ball 2-1: Ground out 4-3 (Groundball, 4)
|
Bottom of the 5th over - 0 run(s), 0 hit(s), 0 error(s), 0 left on base; Phoenix 0 - Athletic Club KC 2 |
TOP OF THE 6TH |
Phoenix Hotspur Reserves batting - Pitching for Athletic Club KC Reserves : RHP Stanley Yelnats
|
Batting: SHB Jesús González
|
0-0: Called Strike 0-1: Fly out, F7 (Flyball, 7LM)
|
Batting: LHB Roberto Fierro
|
0-0: Ball 1-0: Called Strike 1-1: Ball 2-1: Ball 3-1: Fly out, F9 (Flyball, 9)
|
Batting: LHB Harumi Takaki
|
0-0: Ball 1-0: Ball 2-0: SOLO HOME RUN (Flyball, 9LD), Distance : 335 ft
|
Batting: RHB Júlio Mateo
|
0-0: Ball 1-0: SINGLE (Groundball, 56D)
|
Pitching: RHP Dempster Kelly
|
|
Batting: RHB Jesús Álvarez
|
0-0: Called Strike 0-1: SINGLE (Groundball, 4MD) Júlio Mateo to second
|
Batting: RHB Satoshi Terada
|
0-0: Ball 1-0: Called Strike 1-1: Ball 2-1: Foul Ball, location: 2F 2-2: Strikes out swinging
|
Top of the 6th over - 1 run(s), 3 hit(s), 0 error(s), 2 left on base; Phoenix 1 - Athletic Club KC 2 |
BOTTOM OF THE 6TH |
Athletic Club KC Reserves batting - Pitching for Phoenix Hotspur Reserves : LHP Edgar Capello
|
Batting: SHB Sang-your Yu
|
0-0: Called Strike 0-1: Ball 1-1: Called Strike 1-2: Foul Ball, location: 2F 1-2: Foul Ball, location: 2F 1-2: Foul Ball, location: 2F 1-2: Foul Ball, location: 2F 1-2: Ball 2-2: Foul Ball, location: 2F 2-2: Ball 3-2: Base on Balls
|
Batting: RHB Geoff Rivers
|
0-0: Ball 1-0: Ball 2-0: Bunted foul 2-1: Bunted foul 2-2: Foul Ball, location: 2F 2-2: Grounds into double play, 6-4-3 (Groundball, 6)
|
Batting: RHB Pedro Solís
|
0-0: Ball 1-0: Foul Ball, location: 2F 1-1: Ball 2-1: Foul Ball, location: 2F 2-2: Foul Ball, location: 2F 2-2: Ball 3-2: Base on Balls
|
Pitching: RHP Gabriel Hernández
|
|
Batting: LHB Enrique Miranda
|
0-0: Foul Ball, location: 2F 0-1: Ball 1-1: Called Strike 1-2: Ball 2-2: Foul Ball, location: 2F 2-2: Fielders Choice at 2nd, 6-4 (Groundball, 6)
|
Bottom of the 6th over - 0 run(s), 0 hit(s), 0 error(s), 0 left on base; Phoenix 1 - Athletic Club KC 2 |
TOP OF THE 7TH |
Phoenix Hotspur Reserves batting - Pitching for Athletic Club KC Reserves : RHP Dempster Kelly
|
Batting: RHB Hiwahikeiki Noelani
|
0-0: Ball 1-0: Foul Ball, location: 2F 1-1: Ball 2-1: Fly out, F4 (Popup, 4D)
|
Batting: RHB Bob Curry
|
0-0: Ball 1-0: Called Strike 1-1: Swinging Strike 1-2: Strikes out looking
|
Batting: LHB Derek Blair
|
0-0: Ball 1-0: Foul Ball, location: 2F 1-1: Swinging Strike 1-2: Strikes out swinging
|
Top of the 7th over - 0 run(s), 0 hit(s), 0 error(s), 0 left on base; Phoenix 1 - Athletic Club KC 2 |
BOTTOM OF THE 7TH |
Athletic Club KC Reserves batting - Pitching for Phoenix Hotspur Reserves : RHP Gabriel Hernández
|
Batting: RHB Filip Huigen
|
0-0: Called Strike 0-1: Ball 1-1: Ball 2-1: SINGLE (Line Drive, 7S)
|
Batting: RHB Chris Teague
|
0-0: Ball 1-0: Bunted foul 1-1: Ball 2-1: Bunt - Flyout! F2
|
Batting: RHB Richard Younger
|
0-0: Called Strike 0-1: 2-RUN HOME RUN (Flyball, 7D), Distance : 363 ft
|
Batting: LHB Chris Hill
|
0-0: Ball 1-0: Called Strike 1-1: Foul Ball, location: 2F 1-2: Ball 2-2: Ground out U3 (Groundball, 34)
|
Batting: RHB Iván Chacón
|
0-0: Hit by Pitch
|
Batting: SHB Sang-your Yu
|
0-0: Ball 1-0: Called Strike 1-1: SINGLE (Groundball, 6D) Iván Chacón to second
|
Batting: RHB Geoff Rivers
|
0-0: Ball 1-0: Called Strike 1-1: Ball 2-1: Swinging Strike 2-2: Ball 3-2: Foul Ball, location: 2F 3-2: Base on Balls Iván Chacón to third Sang-your Yu to second
|
Batting: RHB Pedro Solís
|
0-0: GRAND SLAM HOME RUN (Flyball, 7LD), Distance : 343 ft
|
Pitching: RHP Richard Carlson
|
|
Batting: LHB Enrique Miranda
|
0-0: Ball 1-0: Fly out, F8 (Flyball, 8RM)
|
Bottom of the 7th over - 6 run(s), 4 hit(s), 0 error(s), 0 left on base; Phoenix 1 - Athletic Club KC 8 |
TOP OF THE 8TH |
Phoenix Hotspur Reserves batting - Pitching for Athletic Club KC Reserves : RHP Dempster Kelly
|
Batting: SHB Jesús González
|
0-0: Foul Ball, location: 2F 0-1: Swinging Strike 0-2: Ball 1-2: Fly out, F7 (Line Drive, 78S)
|
Batting: LHB Roberto Fierro
|
0-0: Ball 1-0: Called Strike 1-1: Ball 2-1: Ball 3-1: Base on Balls
|
Batting: LHB Harumi Takaki
|
0-0: Ball 1-0: Swinging Strike 1-1: Called Strike 1-2: Ball 2-2: Ball 3-2: Foul Ball, location: 2F 3-2: Fly out, F6 (Popup, 4MD)
|
Batting: RHB Júlio Mateo
|
0-0: Ball Wild Pitch! Roberto Fierro to second 1-0: Fly out, F9 (Flyball, 9S)
|
Top of the 8th over - 0 run(s), 0 hit(s), 0 error(s), 1 left on base; Phoenix 1 - Athletic Club KC 8 |
BOTTOM OF THE 8TH |
Athletic Club KC Reserves batting - Pitching for Phoenix Hotspur Reserves : RHP Richard Carlson
|
Batting: RHB Filip Huigen
|
0-0: Ground out 5-3 (Groundball, 56S)
|
Batting: RHB Chris Teague
|
0-0: Ball 1-0: Swinging Strike 1-1: Ball 2-1: Ball 3-1: Base on Balls
|
Batting: RHB Richard Younger
|
0-0: Called Strike 0-1: Grounds into double play, 5-4-3 (Groundball, 56)
|
Bottom of the 8th over - 0 run(s), 0 hit(s), 0 error(s), 0 left on base; Phoenix 1 - Athletic Club KC 8 |
TOP OF THE 9TH |
Phoenix Hotspur Reserves batting - Pitching for Athletic Club KC Reserves : RHP Dempster Kelly
|
Batting: RHB Jesús Álvarez
|
0-0: Foul Ball, location: 2F 0-1: Ball 1-1: Foul Ball, location: 2F 1-2: Foul Ball, location: 2F 1-2: Fly out, F4 (Line Drive, 4)
|
Batting: RHB Satoshi Terada
|
0-0: Ball 1-0: Foul Ball, location: 2F 1-1: Ball 2-1: Foul Ball, location: 2F 2-2: Foul Ball, location: 2F 2-2: Foul Ball, location: 2F 2-2: Foul Ball, location: 2F 2-2: Ball 3-2: SINGLE (Line Drive, 78S)
|
Batting: RHB Hiwahikeiki Noelani
|
0-0: Ball 1-0: Ball 2-0: Foul Ball, location: 2F 2-1: Grounds into double play, 6-4-3 (Groundball, 6)
|
Top of the 9th over - 0 run(s), 1 hit(s), 0 error(s), 0 left on base; Phoenix 1 - Athletic Club KC 8 |
|